Map: Pillars of Gold LE

Players

LiquidClem (Clem) - Winner!

  • Race: Terran Terran
  • Spawn Location: 1:00

Zest

  • Race: Protoss Protoss
  • Spawn Location: 7:00

Event: StayAtHomestory Cup #2

VOD

Have the link to the VOD?

Description

Time

  • Played on: June 13, 2020, 6:58 a.m.
  • Length: 12:52

All games in this series

Show
View Real Time Build Order
Export as new Build Order

LiquidClem Terran - Winner!

Build Orders: Reaper Expand 

Get SALT Encoding   

  12  0:02  SCV  
  13  0:14  SCV  
  13  0:18  Supply Depot  
  14  0:26  SCV  
  15  0:39  SCV  
  15  0:40  Barracks  
  16  0:44  Refinery  
  16  0:51  SCV  
  17  1:03  SCV  
  18  1:15  SCV  
  19  1:27  Reaper  
  19  1:28  Orbital Command  
  20  1:43  Command Center  
  20  1:53  Supply Depot  
  20  1:55  SCV  
  20  1:59  Marine  
  22  2:07  SCV  
  23  2:11  Factory  
  23  2:17  Refinery  
  23  2:20  SCV  
  24  2:23  Barracks Reactor  
  24  2:30  Bunker  
  24  2:33  SCV  
  25  2:45  SCV  
  26  2:56  Hellion, Starport  
  28  2:59  Orbital Command  
  28  3:03  SCV  
  29  3:06  Marine  
  29  3:09  Marine  
  31  3:15  SCV  
  31  3:19  Factory Tech Lab  
  32  3:24  Marine  
  32  3:26  SCV  
  34  3:27  SCV, Marine  
  34  3:34  Supply Depot  
  36  3:38  SCV  
  36  3:39  SCV  
  38  3:43  Raven  
  38  3:44  Factory Tech Lab  
  38  3:45  Marine  
  38  3:46  Marine  
  42  3:50  SCV  
  42  3:53  SCV  
  42  3:54  Barracks  
  44  4:01  Barracks  
  44  4:02  SCV  
  45  4:08  Siege Tank  
  48  4:11  SCV  
  48  4:13  Supply Depot  
  48  4:14  Marine  
  48  4:15  Marine  
  48  4:16  SCV  
  52  4:23  SCV  
  53  4:26  Engineering Bay  
  53  4:28  SCV  
  54  4:33  Refinery  
  54  4:34  Starport Reactor  
  54  4:35  Marine  
  54  4:36  Supply Depot  
  54  4:37  Marine  
  56  4:39  SCV  
  56  4:41  SCV  
  58  4:49  Factory Reactor, Stimpack  
  58  4:51  SCV  
  59  4:53  SCV  
  59  4:57  Marine x2  
  62  5:02  Terran Infantry Weapons Level 1  
  62  5:04  Marauder x2  
  62  5:06  Supply Depot  
  66  5:07  SCV  
  66  5:08  SCV  
  66  5:13  Supply Depot  
  68  5:14  Combat Shield  
  68  5:21  Marine x2  
  68  5:23  SCV  
  68  5:28  Marauder  
  71  5:29  Marauder  
  71  5:32  SCV, Supply Depot  
  71  5:35  SCV  
  75  5:37  Refinery  
  75  5:38  Medivac  
  75  5:39  Marine x2  
  79  5:44  Medivac  
  79  5:46  Supply Depot  
  81  5:51  Marauder  
  81  5:53  Marauder  
  84  5:57  Marine x2  
  84  5:59  Supply Depot  
  86  6:07  Command Center  
  85  6:12  Marine  
  85  6:13  SCV x2  
  85  6:14  Marine  
  87  6:23  Marine x2  
  89  6:25  SCV  
  89  6:26  SCV  
  89  6:30  Concussive Shells  
  93  6:32  Marauder  
  93  6:37  Marauder  
  93  6:38  SCV  
  96  6:42  Marine x2  
  96  6:43  Medivac x2  
  102  6:47  Supply Depot  
  102  6:48  SCV  
  102  6:52  Barracks  
  103  6:54  Barracks  
  103  6:56  Terran Infantry Armor Level 1  
  103  7:00  Marauder, Supply Depot  
  105  7:03  Marauder  
  105  7:06  SCV  
  105  7:07  SCV  
  105  7:08  Marine  
  110  7:09  Marine  
  110  7:17  Starport  
  110  7:18  Supply Depot  
  110  7:19  SCV  
  111  7:27  Marauder x2  
  111  7:28  Medivac x2  
  113  7:30  Marine x2  
  113  7:31  SCV  
  113  7:33  SCV  
  113  7:36  Orbital Command  
  117  7:43  SCV  
  118  7:46  SCV  
  118  7:49  Marauder x2  
  123  7:51  Barracks Reactor, Barracks Tech Lab  
  123  7:55  SCV  
  123  7:57  Viking x2  
  128  8:01  Ghost Academy  
  128  8:03  Marine x2  
  130  8:07  Viking  
  130  8:10  Viking, Marauder  
  136  8:13  SCV x2  
  136  8:14  SCV, Supply Depot  
  136  8:17  Marauder  
  143  8:20  Marauder  
  143  8:22  Supply Depot  
  143  8:23  Marine x2  
  143  8:25  SCV  
  143  8:26  SCV  
  147  8:28  Refinery  
  147  8:30  Viking  
  149  8:35  Viking  
  149  8:39  Supply Depot  
  149  8:40  Viking  
  149  8:41  Refinery  
  153  8:48  Viking  
  155  8:56  Command Center  
  155  9:00  Viking  
  156  9:04  Marine x2  
  156  9:05  Marine x2  
  156  9:08  Supply Depot  
  160  9:11  Armory  
  160  9:12  Engineering Bay  
  160  9:14  Missile Turret  
  160  9:17  Missile Turret  
  160  9:20  SCV x2  
  160  9:21  SCV  
  160  9:22  Viking  
  165  9:25  Viking  
  165  9:28  Viking  
  169  9:31  Ghost  
  169  9:38  Ghost  
  170  9:42  Ghost  
  174  9:48  Marine  
  174  9:49  Marine x3  
  174  9:50  Viking  
  176  9:57  Supply Depot  
  176  9:58  Viking x2  
  180  10:00  SCV  
  180  10:05  Sensor Tower  
  181  10:07  Ghost, Marine  
  181  10:08  SCV x2, Marine  
  189  10:20  Terran Infantry Weapons Level 2  
  191  10:22  SCV x2  
  191  10:23  SCV  
  191  10:26  Marine  
  191  10:27  Refinery  
  176  10:29  Marine, Marauder x2  
  176  10:30  Marine  
  176  10:31  Missile Turret, Marine  
  176  10:35  Medivac x2  
  183  10:36  Marauder  
  185  10:43  Barracks  
  185  10:45  Barracks x2, Marine  
  185  10:46  Marine  
  187  10:54  Marauder  
  187  10:55  Widow Mine, Marauder  
  193  10:57  SCV  
  193  10:58  Planetary Fortress  
  193  11:01  Marine x2  
  193  11:03  Refinery  
  193  11:04  SCV, Marauder  
  198  11:14  Marine x2  
  198  11:15  Missile Turret  
  200  11:27  Command Center x2  
  200  11:28  Missile Turret  
  200  11:39  Orbital Command  
  200  11:47  Barracks Reactor, Barracks Tech Lab x2  
  200  11:52  Command Center  
  200  12:00  SCV x2  
  200  12:01  Marauder  
  193  12:03  Missile Turret, Marauder  
  193  12:07  Marauder  
  197  12:14  Marauder  
  197  12:15  Marauder  
  193  12:22  Marauder  
  195  12:25  Marauder  
  195  12:28  Marauder  
  187  12:31  SCV  
Show
View Real Time Build Order
Export as new Build Order

Zest Protoss 

Build Orders: 1 Gate Expand, Blink Stalkers, Colossus Rush 

Get SALT Encoding   

  12  0:00  Probe  
  13  0:13  Probe  
  14  0:18  Pylon  
  14  0:25  Probe  
  15  0:33  Probe  
  15  0:39  Gateway  
  15  0:41  Probe  
  16  0:48  Assimilator  
  17  0:51  Probe  
  18  1:03  Probe  
  19  1:16  Probe  
  20  1:26  Cybernetics Core  
  20  1:35  Nexus  
  20  1:38  Probe  
  21  1:45  Pylon  
  21  1:50  Probe  
  21  1:53  Adept, Assimilator  
  22  2:02  Probe  
  22  2:06  Warp Gate  
  25  2:10  Probe  
  26  2:19  Probe  
  26  2:22  Twilight Council  
  26  2:29  Blink  
  27  2:32  Stalker  
  27  2:35  Probe  
  30  2:48  Probe x2  
  30  2:51  Gateway  
  32  3:01  Probe  
  32  3:03  Probe  
  34  3:10  Stalker  
  36  3:13  Probe  
  36  3:16  Probe  
  38  3:24  Robotics Facility  
  38  3:26  Probe  
  39  3:28  Probe  
  40  3:37  Pylon  
  40  3:38  Probe  
  40  3:39  Assimilator  
  40  3:40  Probe  
  42  3:49  Assimilator  
  42  3:50  Probe  
  42  3:53  Probe  
  42  3:54  Sentry  
  46  3:57  Stalker  
  46  4:02  Probe  
  49  4:05  Probe, Phoenix  
  49  4:09  Pylon  
  50  4:11  Observer  
  50  4:14  Probe  
  52  4:17  Probe  
  52  4:18  Pylon  
  53  4:26  Probe  
  53  4:28  Stalker x2  
  53  4:29  Probe  
  59  4:34  Observer  
  60  4:38  Probe  
  60  4:41  Probe  
  62  4:46  Pylon  
  62  4:53  Robotics Bay  
  62  4:54  Forge  
  62  4:57  Gateway  
  62  4:58  Warp Prism  
  64  5:09  Stalker x2  
  68  5:14  Gateway  
  68  5:17  Pylon  
  68  5:18  Protoss Ground Weapons Level 1  
  66  5:21  Probe  
  66  5:22  Probe  
  66  5:23  Colossus  
  67  5:41  Extended Thermal Lance  
  73  5:52  Probe x2  
  75  5:57  Sentry  
  75  5:58  Sentry  
  75  6:01  Pylon  
  75  6:04  Nexus  
  79  6:06  Colossus  
  85  6:19  Charge  
  85  6:21  Probe x2  
  85  6:33  Probe x2, Stalker x3  
  93  6:45  Shield Battery  
  93  6:49  Probe  
  93  6:51  Protoss Ground Weapons Level 2  
  94  6:56  Pylon  
  94  6:58  Pylon  
  94  7:10  Colossus  
  94  7:15  Probe  
  101  7:16  Pylon  
  101  7:31  Probe x2  
  101  7:33  Observer  
  101  7:34  Probe, Gateway  
  101  7:35  Gateway  
  104  7:37  Pylon  
  104  7:39  Stalker x2  
  104  7:43  Probe x2  
  109  7:46  Probe  
  108  7:55  Probe x2  
  108  7:58  Probe  
  111  7:59  Immortal  
  111  8:02  Pylon  
  115  8:07  Probe x2  
  115  8:10  Probe, Dark Shrine  
  115  8:11  Assimilator  
  118  8:12  Assimilator  
  118  8:19  Probe  
  120  8:20  Probe, Stalker x3  
  120  8:21  Stalker  
  120  8:24  Probe  
  129  8:31  Probe  
  129  8:32  Probe  
  131  8:34  Zealot x2  
  135  8:45  Gateway  
  135  8:47  Gateway  
  135  8:48  Immortal, Pylon  
  135  8:52  Photon Cannon  
  135  8:53  Observer  
  135  9:01  Shadow Stride  
  139  9:06  Pylon  
  139  9:08  Pylon  
  139  9:22  Shield Battery  
  139  9:28  Immortal  
  141  9:34  Protoss Ground Weapons Level 3  
  141  9:36  Stalker x2  
  143  9:51  Observer, Stalker x2  
  147  10:04  Immortal  
  151  10:07  Pylon  
  151  10:08  Nexus  
  151  10:09  Pylon x2  
  151  10:11  Pylon  
  151  10:13  Pylon  
  151  10:17  Nexus  
  151  10:26  Dark Templar x7  
  165  10:29  Dark Templar  
  167  10:36  Immortal  
  167  10:42  Photon Cannon  
  167  10:43  Shield Battery  
  171  11:08  Probe x3, Gateway x2  
  171  11:10  Disruptor  
  174  11:11  Gateway  
  174  11:14  Observer, Gateway  
  174  11:23  Dark Templar x5  
  187  11:33  Dark Templar x2  
  191  12:04  Zealot x4  
  193  12:22  Zealot x4  
  159  12:30  Zealot x2  
  159  12:36  Zealot x2  
  106  12:43  Dark Templar x4  
Tags
 
Add a new tag
Caveats
  • Supply blocks, unpowered buildings, or Contaminate may cause inaccurate times.
  • Supply counts are checked every 10 seconds.